cohdb
Replays
Latest Replays
All Replays
Popular Replays
Top Player Replays
Match Explorer
How It Works
Community
CoH3 Stats
Reddit
Sign in to upload your games and track your stats! →
Sign in with Steam
Match 41348564
Unlisted
Match 41348564
Overview
Messages
Build Orders
End
Construct Section Command Post
Selects Air and Sea Battlegroup
Vickers Machine Gun Team
ML 3-inch Mortar Team
Infantry Section
Infantry Section
Construct Platoon Command Post
Construct Field Infirmary
Construct Field Infirmary
Selects Commando Section Paradrop
Selects M1 Pack Howitzer Paradrop
M1 Pack Howitzer Paradrop
Construct Company Command Post
Selects Supply Surplus
Selects Supply Surplus
Selects UNKNOWN (223837)
Centaur IV Medium Tank
Unlock M3 Grant Medium Tanks
Unlock Towed 17-pounder Anti-tank Guns
17-pounder Anti-tank Gun Team
M3 Grant Medium Tank
Royal Engineer Section
M3 Grant Medium Tank
MrBlueSteel
kamacura
Goonsader
Yttrium
aoligeigei
梓川枫
mover
Cloaksville
0
0
Comments
sign in to comment!
No comments posted yet!